 Dungeon Crawl Stone Soup version 0.27.0-1-g7a089689b8 (webtiles) character file.

Game seed: 2864875441117965463

269398 EnegeticOcto the Executioner (level 18, -26/181 (187) HPs)
             Began as a Minotaur Fighter on Aug 9, 2021.
             Was the Champion of Ru.
             Annihilated by a stone giant (37 damage)
             ... on level 1 of the Depths.
             The game lasted 00:24:19 (33107 turns).

EnegeticOcto the Executioner (Minotaur Fighter)    Turns: 33107, Time: 00:24:20

HP:   -26/181 (187) AC: 17    Str: 30    XL:     18   Next: 96%
MP:   15/15         EV: 11    Int:  6    God:    Ru [******]
Gold: 1157          SH: 23    Dex:  9    Spells: 17/17 levels left

rFire    + + +     SeeInvis +   a - +8 broad axe of Balance {vorpal, Int+3}
rCold    + + +     Faith    .   t - +4 kite shield of Rueg {rElec}
rNeg     + . .     Spirit   .   R - +1 plate armour of Geriutan {rF++}
rPois    +         Reflect  +   (helmet restricted)
rElec    +         Harm     .   c - scarf {rC+ rF+}
rCorr    +         Rampage  .   N - +2 pair of gloves
Will     ++...                  g - +2 pair of boots
Stlth    ..........             C - amulet of reflection
HPRegen  0.40/turn              I - ring "Plog" {*Corrode Drain rPois rC++ rN+ SInv}
MPRegen  0.14/turn              O - ring of the Leaf {Will+ rCorr}

@: exhausted, lightly drained
A: horns 2, no stealth, inability to use devices, inability to train armour, no
ice magic, no summoning magic, no transmutations magic, unskilled 1, retaliatory
headbutt, clumsy 1, dopey 1, fire resistance 1, low mp 1, robust 1, screaming 1,
strong 1
}: 3/15 runes: barnacled, abyssal, gossamer
a: Renounce Religion, Draw Out Power, Power Leap, Apocalypse


You were on level 1 of the Depths.
You worshipped Ru.
Ru was exalted by your worship.
You visited 7 branches of the dungeon, and saw 31 of its levels.
You visited the Abyss 1 time.
You also visited: Ossuary, Bailey, Gauntlet and Ice Cave.

You collected 3141 gold pieces.
You spent 1984 gold pieces at shops.

Inventory:

Hand Weapons
 a - the +8 broad axe of Balance (weapon) {vorpal, Int+3}
   (You found it in a Gauntlet)

   It inflicts extra damage upon your enemies.
   Int:       It affects your intelligence (+3).
 b - a +2 war axe of flaming
 B - a +2 short sword of distortion
 M - a +1 broad axe of electrocution
Missiles
 E - 8 throwing nets (quivered)
Armour
 c - a scarf of resistance (worn)
 g - a +2 pair of boots (worn)
 t - the +4 kite shield of Rueg (worn) {rElec}
   (You acquired it on level 6 of the Dungeon)

   rElec:     It insulates you from electricity.
 u - a +0 chain mail
 D - +0 ice dragon scales
 J - a +1 pair of boots of rampaging
 N - a +2 pair of gloves (worn)
 R - the +1 plate armour of Geriutan (worn) {rF++}
   (You took it off a merfolk on level 4 of the Shoals)

   rF:        It greatly protects you from fire.
Jewellery
 C - an amulet of reflection (around neck)
 G - the ring of Deiphull {AC+4 Str+4 Dex+3}
   (You found it in a Gauntlet)

   [ring of protection]

   AC:        It affects your AC (+4).
   Str:       It affects your strength (+4).
   Dex:       It affects your dexterity (+3).
 I - the ring "Plog" (left hand) {*Corrode Drain rPois rC++ rN+ SInv}
   (You found it in a Gauntlet)

   [ring of positive energy]

   rC:        It greatly protects you from cold.
   rPois:     It protects you from poison.
   rN:        It protects you from negative energy.
   SInv:      It lets you see invisible.
   *Corrode:  It may corrode you when you take damage.
   Drain:     It drains your maximum health when unequipped.
 O - the ring of the Leaf (right hand) {Will+ rCorr}
   (You acquired it on level 13 of the Dungeon)

   [ring of resist corrosion]

   rCorr:     It protects you from acid and corrosion.
   Will:      It increases your willpower.
 P - a ring of ice
 Q - a ring of magical power
 S - the ring of Booqeam {rCorr SInv Stlth+}
   (You found it on level 3 of the Shoals)

   [ring of see invisible]

   SInv:      It lets you see invisible.
   rCorr:     It protects you from acid and corrosion.
   Stlth:     It makes you more stealthy.
Scrolls
 i - a scroll of fog
 j - 3 scrolls of blinking {@r4}
 k - 14 scrolls of teleportation {@r3}
 n - a scroll of silence
 q - 5 scrolls of enchant weapon
 r - 6 scrolls of immolation
 w - 2 scrolls of holy word
 y - 3 scrolls of fear
 A - 3 scrolls of identify {@r1}
 K - 2 scrolls of summoning
 L - 2 scrolls of enchant armour
Potions
 d - 6 potions of might {@q3}
 e - 4 potions of cancellation
 f - 6 potions of flight
 h - 4 potions of magic
 l - 3 potions of resistance {@q5}
 m - a potion of berserk rage
 o - 13 potions of curing {@q1}
 p - 8 potions of lignification
 s - 5 potions of mutation
 v - 6 potions of haste {@q4}
 x - 4 potions of ambrosia
 z - 6 potions of attraction
 F - 2 potions of invisibility
 H - a potion of heal wounds {@q2}


   Skills:
 + Level 17.4 Fighting
 * Level 22.9 Axes
   Level 0.0 Armour
 + Level 14.8 Dodging
 - Level 15.0 Shields


You had 17 spell levels left.
You didn't know any spells.
Your spell library was empty.

Dungeon Overview and Level Annotations

Branches:
Dungeon (15/15)            Temple (1/1) D:4            Lair (4/6) D:11
 Shoals (4/4) Lair:3       Spider (4/4) Lair:4          Orc (2/2) D:10
    Elf (0/3) Orc:2        Vaults (0/5) D:14         Depths (1/5) D:15
Ossuary (visited)          Bailey (visited)           IceCv (visited)
Gauntlet (visited)

Altars:
Ashenzari
Cheibriados
Dithmenos
Elyvilon
Fedhas
Gozag
Hepliaklqana
Kikubaaqudgha
Makhleb
Nemelex Xobeh
Okawaru
Qazlal
Ru
Sif Muna
Trog
Uskayaw
Vehumet
Wu Jian
Xom
Yredelemnul
Zin
The Shining One

Shops:
D:1 (   D:7 [   D:12 :   D:14 :   Orc:2 !*?=   Shoals:4 !

Portals:
Trove: D:14 (give +4 shadow dragon scales)

Annotations:
D:4 2 transporters, windycow's ghost, amateur MfGl
Lair:3 exclusion: 2 oklob plants


Innate Abilities, Weirdness & Mutations

You have a pair of horns on your head.
You cannot be stealthy.
You cannot study or use magical devices.
You cannot train Armour skill.
You cannot study or cast Ice magic.
You cannot study or cast Summoning magic.
You cannot study or cast Transmutations magic.
You are somewhat unskilled. (-1 Apt)
You reflexively headbutt those who attack you in melee.
You are clumsy. (Dex -2)
You are dopey. (Int -2)
Your flesh is heat resistant. (rF+)
Your magical capacity is low. (-10% MP)
You are robust. (+10% HP)
You occasionally shout uncontrollably at your foes.
Your muscles are strong. (Str +2)


Message History

The deep troll earth mage bites you but does no damage.
The deep troll earth mage barely misses you.
The deep troll earth mage claws you but does no damage.
Things that are here:
a +0 troll leather armour; a deep troll corpse You slice the deep troll earth mage!!
Your headbutt misses the deep troll earth mage.
The deep troll earth mage is severely wounded.
You slash the stone giant! You slash the deep troll shaman!
The deep troll shaman utters an invocation to its god.
The deep troll shaman is healed somewhat.
You block the stone giant's attack.
The deep troll earth mage bites you but does no damage.
You block the deep troll earth mage's attack.
The deep troll earth mage claws you but does no damage.
You slice the deep troll earth mage!!
You kill the deep troll earth mage!
You slash the deep troll shaman! You hit the deep troll shaman.
You hit the stone giant but do no damage.
The deep troll shaman begins to pray, but is stunned by your conviction!
The stone giant throws a large rock.
You reflect the large rock off an invisible shield around you!
The large rock hits the stone giant!
The deep troll shaman calls upon its god to speed up the deep troll shaman.
The deep troll shaman seems to speed up.
You block the stone giant's attack.
You slash the deep troll shaman!
Your headbutt misses the deep troll shaman.
The deep troll shaman is severely wounded.
You hit the deep troll shaman. You slash the stone giant!
The deep troll shaman is stunned by your conviction and fails to attack.
The deep troll shaman misses you.
You block the deep troll shaman's attack. x2
You are restored by drawing out deep reserves of power within.
You feel drained.
The deep troll shaman bites you but does no damage.
You block the deep troll shaman's attack.
The deep troll shaman claws you but does no damage.
The deep troll shaman is stunned by your conviction and fails to attack.
You redirect the stone giant's attack!
The stone giant hits itself.
The deep troll shaman misses you.
You block the deep troll shaman's attack.
The deep troll shaman claws you.
You block the deep troll shaman's attack.
The deep troll shaman claws you but does no damage.
The deep troll shaman claws you.
You redirect the deep troll shaman's attack!
You block the deep troll shaman's attack.
The deep troll shaman claws you! x2
You are too injured to fight recklessly!
You are too injured to fight recklessly!
You are too injured to fight recklessly!
You are too injured to fight recklessly!
You are too injured to fight recklessly!
You are too injured to fight recklessly!
You are too injured to fight recklessly!
You hit the deep troll shaman.
The deep troll shaman is lightly wounded.
You hit the deep troll shaman but do no damage.
You slice the deep troll shaman!!
You kill the deep troll shaman!
The troll leather armour is intact enough to wear.
You hit the stone giant. You block the stone giant's attack.
The deep troll shaman barely misses you.
You furiously retaliate!
You headbutt the deep troll shaman!
You block the deep troll shaman's attack. x2
The deep troll shaman closely misses you.
You furiously retaliate!
You headbutt the deep troll shaman.
The deep troll shaman barely misses you.
The deep troll shaman claws you.
You slice the deep troll shaman!!
You kill the deep troll shaman!
You hit the deep troll shaman. You completely miss the stone giant.
You redirect the deep troll shaman's attack!
You block the deep troll shaman's attack.
The deep troll shaman claws you.
You block the deep troll shaman's attack.
The stone giant hits you!!
* * * LOW HITPOINT WARNING * * *
You slice the stone giant!!
The stone giant is severely wounded.
You slice the deep troll shaman!! You hit the stone giant.
You block the deep troll shaman's attack.
The deep troll shaman closely misses you.
The deep troll shaman claws you.
* * * LOW HITPOINT WARNING * * *
The stone giant hits you!
* * * LOW HITPOINT WARNING * * *
You slice the stone giant!! You headbutt the stone giant.
You kill the stone giant!
You slash the stone giant! You slice the deep troll shaman!!
You kill the deep troll shaman!
You barely miss the stone giant. The stone giant hits you!
* * * LOW HITPOINT WARNING * * *
You're too exhausted to draw out your power.
You hit the stone giant but do no damage.
The stone giant is severely wounded.
You slice the stone giant!! You slash the deep troll!
The stone giant hits you!!!
You die...

... ....>....#.#..##..#.
#...........#.#..##....#.
............#..##..#..#..
...........[..##....#..#..
.......#.....#..#....#..##
...............#..#.#....
.......#.......#....#.#.
#.##.[........#....#...
#..#.(@C.....#.........
..###...CT..#..##.........
.......((#################
........T### ####
#.....#.)(8# ....8
#....##..T.##...... .....
#........# #... #.....C..#
...........##C.....


You could see an iron troll, 2 stone giants and a deep troll (strong).

Vanquished Creatures
  A juggernaut (Abyss:4)
  A profane servitor (Abyss:4)
  Arachne (Spider:2)
  Jorgrun (Orc:1)
  2 liches
  Asterion (Spider:3)
  3 tentacled starspawn (Abyss:4)
  Roxanne (D:15)
  5 ghost moths
  An angel (Abyss:4)
  8 emperor scorpions
  2 ophanim (Abyss:4)
  4 stone giants (Depths:1)
  A minotaur (Gauntlet)
  A spark wasp (Spider:4)
  3 ettins
  A blizzard demon (Abyss:4)
  2 merfolk javelineers
  2 fire dragons
  7 merfolk impalers
  A rakshasa (Abyss:4)
  An ice dragon (D:15)
  Harold (Orc:1)
  3 ogre magi
  6 boulder beetles
  7 merfolk aquamancers
  2 merfolk avatars (Shoals:2)
  6 centaur warriors
  12 two-headed ogres
  4 hydras
  3 death knights
  3 dancing weapons (Abyss:4)
  A satyr (Shoals:4)
  A tengu warrior (D:13)
  2 deep troll earth magi (Depths:1)
  3 deep troll shamans (Depths:1)
  A thrashing horror (Abyss:4)
  Urug (Lair:1)
  3 orc high priests (Orc:2)
  Sonja (Lair:1)
  3 wretched stars
  9 skeletal warriors
  3 sixfirhies
  2 starcursed masses (Abyss:4)
  2 cherubim (Abyss:4)
  10 sea snakes
  A deep troll (Depths:1)
  A bog body (IceCv)
  A wizard (Depths:1)
  A deep elf archer (D:14)
  An obsidian statue (IceCv)
  12 harpies
  A necromancer (IceCv)
  14 orb spiders
  Pikel (D:7)
  3 large abominations (Abyss:4)
  2 deep elf pyromancers
  2 phantasmal warriors
  2 deep elf zephyrmancers (D:14)
  8 orc knights
  A mana viper (Abyss:4)
  An oklob plant (Shoals:1)
  21 wolf spiders
  8 cyclopes
  10 manticores
  9 fauns
  5 orc sorcerers (Orc:2)
  6 ugly things
  5 merfolk sirens
  6 elephants
  3 moths of wrath
  A naga mage (Abyss:4)
  3 water nymphs (Shoals:4)
  2 black mambas (Lair:3)
  A guardian serpent (Abyss:4)
  4 centaur skeletons (D:14)
  An unseen horror (shapeshifter) (D:13)
  4 cane toads
  A minotaur zombie (Gauntlet)
  5 komodo dragons
  2 rime drakes
  An ice devil (IceCv)
  5 anaconda simulacra (IceCv)
  4 efreet
  2 tengu conjurers (D:13)
  5 demonic crawlers
  2 entropy weaver simulacra (IceCv)
  A golden dragon simulacrum (IceCv)
  20 freezing wraiths
  6 trolls
  19 merfolk
  12 jumping spiders
  4 wind drakes
  An ancient zyme (Abyss:4)
  6 meliai
  13 slime creatures
  5 hornets
  A polar bear (Lair:4)
  Grinder (D:5)
  A dream sheep (Lair:3)
  12 snapping turtles
  A vampire (D:13)
  25 tarantellas
  5 wyverns
  A spriggan simulacrum (IceCv)
  A shadow (D:10)
  4 wraiths
  38 redbacks
  4 dire elephant simulacra (IceCv)
  18 water elementals
  A fire bat (Abyss:4)
  A ynoxinul (Abyss:4)
  40 yaks
  2 basilisks
  A hog (shapeshifter) (D:15)
  12 vampire mosquitoes
  3 chaos spawn (Abyss:4)
  3 neqoxecs
  2 minotaur simulacra (IceCv)
  5 small abominations
  A steam dragon (D:9)
  4 wargs
  4 harpy simulacra (IceCv)
  5 acid dragons
  3 nagas (Abyss:4)
  A swamp drake (shapeshifter) (Abyss:4)
  10 water moccasins
  24 orc warriors
  A swamp drake (D:11)
  2 alligator simulacra (IceCv)
  2 ettin simulacra (IceCv)
  3 black bears
  An ice beast (D:7)
  2 sky beasts
  9 ogres
  3 wolves (Lair:2)
  11 centaurs
  A lemure (D:7)
  6 bullfrogs
  5 scorpions
  2 earth elementals (Abyss:4)
  6 killer bees (D:9)
  2 lindwurm simulacra (IceCv)
  5 electric eels
  6 wights
  3 centaur zombies
  5 hounds
  A jelly (D:8)
  A gnoll shaman (D:7)
  A bullfrog zombie (D:7)
  19 orc priests
  A bullfrog skeleton (D:7)
  Terence (D:2)
  An iguana (D:7)
  27 orc wizards
  A killer bee zombie (D:6)
  A hound skeleton (D:5)
  8 mummies (Ossuary)
  4 gnolls (D:5)
  A howler monkey skeleton (D:6)
  8 adders
  2 white imps
  2 ufetubi
  2 adder skeletons
  2 worms
  2 dart slugs
  81 orcs
  8 bats
  8 endoplasms
  2 giant cockroaches (D:2)
  A gnoll zombie (Ossuary)
  6 goblins
  12 hobgoblins
  5 quokkas
  4 ball pythons
  2 frilled lizards
  A hobgoblin zombie (Ossuary)
  5 kobolds
  2 kobold zombies (Ossuary)
  4 orc zombies (Ossuary)
  5 rats
  2 starspawn tentacles (Abyss:4)
936 creatures vanquished.

Vanquished Creatures (others)
  A merfolk javelineer (Shoals:4)
  2 hydras
  A death knight (D:15)
  A harpy (Shoals:4)
  An orb spider (Spider:3)
  2 wolf spiders (Spider:3)
  An anaconda simulacrum (IceCv)
  A jumping spider (Spider:1)
  A polar bear (Lair:4)
  A tarantella (Spider:4)
  2 redbacks
  A fire bat (Abyss:4)
  An orc warrior (Orc:2)
  9 fungi
  A lurking horror (Abyss:4)
  33 plants
  5 starspawn tentacles (Abyss:4)
  21 withered plants (Gauntlet)
85 creatures vanquished.

Grand Total: 1021 creatures vanquished

Notes
Turn   | Place    | Note
-------+----------+-------------------------------------------
     0 | D:1      | EnegeticOcto the Minotaur Fighter began the quest for the
                  | Orb.
     0 | D:1      | Reached XP level 1. HP: 19/19 MP: 0/0
   221 | D:1      | Found Lemy's Weapon Emporium.
   285 | D:1      | Reached XP level 2. HP: 27/27 MP: 1/1
   436 | D:1      | Reached skill level 3 in Axes
   557 | D:1      | You fall into a shaft and drop 1 floor!
   692 | D:2      | You fall into a shaft and drop 1 floor!
   743 | D:3      | Noticed a fire elemental
   758 | D:3      | Reached XP level 3. HP: 30/33 MP: 2/2
   804 | D:2      | Noticed Terence
   811 | D:2      | Killed Terence
  1509 | D:2      | Reached XP level 4. HP: 38/40 MP: 3/3
  1727 | D:2      | Reached skill level 4 in Axes
  2071 | D:3      | Found a faded altar of an unknown god.
  2234 | D:3      | Noticed a scorpion
  2240 | D:3      | Killed a scorpion
  2241 | D:3      | Reached XP level 5. HP: 46/47 MP: 4/4
  2431 | D:3      | Found a stormy altar of Qazlal.
  2432 | D:3      | Noticed an air elemental
  2432 | D:3      | Noticed a water elemental
  2568 | D:4      | Reached skill level 5 in Axes
  2603 | D:4      | Reached XP level 6. HP: 17/55 MP: 5/5
  2816 | D:4      | Found a staircase to the Ecumenical Temple.
  2825 | Temple   | Entered the Ecumenical Temple
  2948 | D:4      | Reached skill level 5 in Fighting
  2948 | D:4      | Reached skill level 5 in Armour
  2948 | D:4      | Reached skill level 5 in Shields
  3119 | D:4      | Found a transporter.
  3120 | D:4      | Identified the +3 spear of Spite {venom, rC- rCorr Int+3}
  3502 | D:4      | Found a transporter.
  3504 | D:4      | Noticed windycow's ghost (amateur MfGl)
  3534 | D:4      | Reached skill level 6 in Axes
  3633 | D:5      | Entered Level 5 of the Dungeon
  3652 | D:5      | Identified a scroll of acquirement
  3652 | D:5      | Acquired a manual of Shields
  3686 | D:5      | Reached XP level 7. HP: 61/61 MP: 6/6
  3694 | D:5      | Found a sand-covered staircase.
  3702 | Ossuary  | Entered an ossuary
  4366 | D:5      | Found a glowing golden altar of the Shining One.
  4366 | D:5      | Found a blossoming altar of Fedhas.
  4368 | D:5      | Found a shimmering blue altar of Sif Muna.
  4369 | D:5      | Found a sacrificial altar of Ru.
  4369 | D:5      | Found a shimmering altar of Xom.
  4369 | D:5      | Found a burning altar of Makhleb.
  4369 | D:5      | Found an opulent altar of Gozag.
  4379 | D:5      | Became a worshipper of Ru the Awakened
  4618 | D:5      | Noticed Grinder
  4618 | D:5      | Paralysed by Grinder for 7 turns
  4626 | D:5      | Paralysed by Grinder for 4 turns
  4634 | D:5      | Killed Grinder
  4635 | D:5      | Reached skill level 7 in Axes
  4881 | D:5      | Reached XP level 8. HP: 70/70 MP: 7/7
  5536 | D:6      | Reached skill level 8 in Axes
  5900 | D:6      | Found an ornate altar of the Wu Jian Council.
  5955 | D:6      | Acquired the +4 kite shield of Rueg {rElec}
  6192 | D:6      | Gained mutation: You are somewhat unskilled. (-1 Apt) [Ru
                  | sacrifice]
  6192 | D:6      | Reached * piety under Ru
  6677 | D:7      | Found Seeshuba's Antique Armour Emporium.
  6866 | D:7      | Noticed a manticore
  6872 | D:7      | Reached XP level 9. HP: 70/78 MP: 8/8
  6878 | D:7      | Killed a manticore
  6879 | D:7      | Reached skill level 9 in Axes
  7224 | D:7      | Noticed Pikel
  7244 | D:7      | Killed Pikel
  7839 | D:8      | Reached skill level 10 in Axes
  7854 | D:8      | Found a broken altar of Ashenzari.
  7922 | D:8      | Noticed a two-headed ogre
  8162 | D:8      | Found an iron altar of Okawaru.
  8246 | D:8      | Killed a two-headed ogre
  8247 | D:8      | Reached skill level 10 in Shields
  8247 | D:8      | Reached XP level 10. HP: 43/88 MP: 9/9
  8718 | D:9      | Found a flagged portal.
  8730 | Bailey   | Entered a bailey
  8730 | Bailey   | Noticed an orc knight
  8736 | Bailey   | Gained mutation: You cannot train Armour skill. [Ru
                  | sacrifice]
  8736 | Bailey   | Reached ** piety under Ru
  8963 | D:9      | Reached skill level 1 in Dodging
  9169 | D:9      | Reached skill level 11 in Axes
  9194 | D:9      | Noticed a cyan ugly thing
  9203 | D:9      | Killed a cyan ugly thing
  9803 | D:10     | Entered Level 10 of the Dungeon
  9847 | D:10     | Found a staircase to the Orcish Mines.
  9953 | D:10     | Noticed a four-headed hydra
  9961 | D:10     | Killed a one-headed hydra
  9987 | D:10     | Reached XP level 11. HP: 97/97 MP: 10/10
  9988 | D:10     | Found a white marble altar of Elyvilon.
 10033 | D:10     | Reached skill level 12 in Axes
 10460 | D:10     | Noticed a two-headed ogre
 10467 | D:10     | Killed a two-headed ogre
 10580 | D:10     | Noticed an eight-headed hydra
 10611 | D:10     | Killed a five-headed hydra
 11678 | D:11     | Noticed a two-headed ogre
 11690 | D:11     | Killed a two-headed ogre
 11691 | D:11     | Reached skill level 13 in Axes
 11691 | D:11     | Reached skill level 5 in Dodging
 11697 | D:11     | Found a gate leading to a gauntlet.
 11706 | Gauntlet | Entered a Gauntlet
 11706 | Gauntlet | Found a transporter.
 11706 | Gauntlet | Found a transporter.
 11848 | Gauntlet | Found a transporter.
 11848 | Gauntlet | Found a transporter.
 11851 | Gauntlet | Found the +2 ratskin cloak {*Rats rPois rN+ Str-1 Int-1
                  | Dex+1}
 11856 | Gauntlet | Noticed a death yak
 11861 | Gauntlet | Noticed a death yak
 11863 | Gauntlet | Noticed a death yak
 11864 | Gauntlet | Noticed a blizzard demon
 11864 | Gauntlet | Noticed a death drake
 11868 | Gauntlet | Found a transporter.
 11868 | Gauntlet | Found a transporter.
 11869 | Gauntlet | Noticed a sixfirhy
 11871 | Gauntlet | Noticed a sixfirhy
 11892 | Gauntlet | Found a transporter.
 11899 | Gauntlet | Found a transporter.
 11908 | Gauntlet | Found a transporter.
 11911 | Gauntlet | Found a transporter.
 11963 | Gauntlet | Found a transporter.
 11977 | Gauntlet | Found a transporter.
 11982 | Gauntlet | Noticed a wretched star
 11991 | Gauntlet | Found a transporter.
 12083 | Gauntlet | Found a transporter.
 12092 | Gauntlet | Found a transporter.
 12196 | Gauntlet | Gained mutation: Armour fits poorly on your strangely
                  | shaped body. [a neqoxec]
 12203 | Gauntlet | Reached skill level 10 in Fighting
 12208 | Gauntlet | Killed a wretched star
 12225 | Gauntlet | Gained mutation: You cannot study or cast Ice magic. [Ru
                  | sacrifice]
 12225 | Gauntlet | Gained mutation: You cannot study or cast Transmutations
                  | magic. [Ru sacrifice]
 12225 | Gauntlet | Gained mutation: You cannot study or cast Summoning magic.
                  | [Ru sacrifice]
 12225 | Gauntlet | Reached *** piety under Ru
 12230 | Gauntlet | Identified the ring of Deiphull {AC+4 Str+4 Dex+3}
 12236 | Gauntlet | Identified the +8 broad axe of Balance {vorpal, Int+3}
 12279 | Gauntlet | Killed a sixfirhy
 12288 | Gauntlet | Killed a sixfirhy
 12289 | Gauntlet | Reached XP level 12. HP: 102/106 MP: 11/11
 12297 | Gauntlet | Identified the ring "Plog" {*Corrode Drain rPois rC++ rN+
                  | SInv}
 12325 | Gauntlet | Noticed a minotaur
 12336 | Gauntlet | Killed a minotaur
 12770 | D:11     | Found a staircase to the Lair.
 13078 | Lair:1   | Entered Level 1 of the Lair of Beasts
 13165 | Lair:1   | Reached skill level 14 in Axes
 13515 | Lair:1   | Noticed Sonja
 13518 | Lair:1   | Noticed a seven-headed hydra
 13523 | Lair:1   | Killed Sonja
 13529 | Lair:1   | Killed a five-headed hydra
 14014 | Lair:1   | Noticed Urug
 14025 | Lair:1   | Killed Urug
 14029 | Lair:1   | Lost mutation: Armour fits poorly on your strangely shaped
                  | body. [potion of mutation]
 14029 | Lair:1   | Gained mutation: Your muscles are strong. (Str +2) [potion
                  | of mutation]
 14029 | Lair:1   | Gained mutation: You have an increased reservoir of magic.
                  | (+10% MP) [potion of mutation]
 14029 | Lair:1   | Gained mutation: Your flesh is heat resistant. (rF+)
                  | [potion of mutation]
 14702 | Lair:2   | Gained mutation: You cannot study or use magical devices.
                  | [Ru sacrifice]
 14702 | Lair:2   | Reached **** piety under Ru
 14702 | Lair:2   | Reached ***** piety under Ru
 15566 | Lair:3   | Found a staircase to the Shoals.
 15577 | Lair:3   | Reached XP level 13. HP: 103/116 MP: 13/13
 15970 | Lair:3   | Acquired a scarf of resistance
 16387 | Lair:4   | Reached skill level 15 in Axes
 16725 | Lair:4   | Found a hole to the Spider Nest.
 17404 | D:12     | Found Cuatt's Book Boutique.
 18343 | Orc:1    | Entered Level 1 of the Orcish Mines
 18343 | Orc:1    | Noticed Harold
 18351 | Orc:1    | Killed Harold
 18455 | Orc:1    | Noticed an ettin
 18460 | Orc:1    | Killed an ettin
 18830 | Orc:1    | Noticed Jorgrun
 18846 | Orc:1    | Killed Jorgrun
 19289 | Orc:2    | Entered Level 2 of the Orcish Mines
 19291 | Orc:2    | Noticed an ettin
 19297 | Orc:2    | Reached skill level 16 in Axes
 19299 | Orc:2    | Killed an ettin
 19495 | Orc:2    | Found a staircase to the Elven Halls.
 19678 | Orc:2    | Reached XP level 14. HP: 109/127 MP: 14/14
 19778 | Orc:2    | Found a bloodstained altar of Trog.
 19939 | Orc:2    | Reached skill level 15 in Shields
 19942 | Orc:2    | Found Duiru's Jewellery Shop.
 20292 | Orc:2    | Found Dojuopeusi's General Store.
 20311 | Orc:2    | Found Helabuh's Distillery.
 20317 | Orc:2    | Bought a potion of haste for 170 gold pieces
 20319 | Orc:2    | Found Hidwuo's Magic Scroll Shop.
 20325 | Orc:2    | Bought 2 potions of curing for 72 gold pieces
 20325 | Orc:2    | Bought a potion of cancellation for 96 gold pieces
 20328 | Orc:2    | Bought a scroll of blinking for 120 gold pieces
 20328 | Orc:2    | Bought a scroll of blinking for 120 gold pieces
 20328 | Orc:2    | Bought a scroll of blinking for 120 gold pieces
 20328 | Orc:2    | Bought a scroll of immolation for 56 gold pieces
 20493 | Orc:2    | Gained mutation: You cannot be stealthy. [Ru sacrifice]
 20493 | Orc:2    | Reached ****** piety under Ru
 21031 | Orc:2    | Bought an amulet of reflection for 540 gold pieces
 21045 | Orc:2    | Reached skill level 17 in Axes
 21045 | Orc:2    | Reached XP level 15. HP: 129/129 MP: 15/15
 21273 | D:13     | Reached skill level 10 in Dodging
 22111 | D:13     | Reached skill level 18 in Axes
 22445 | D:13     | Acquired the ring of the Leaf {Will+ rCorr}
 22501 | D:14     | Found a portal to a secret trove of treasure.
 22689 | D:14     | Found a glowing silver altar of Zin.
 22689 | D:14     | Found a glowing golden altar of the Shining One.
 22690 | D:14     | Found a white marble altar of Elyvilon.
 22730 | D:14     | Found Nolliyco's Self-Improvement Boutique.
 22809 | D:14     | Reached XP level 16. HP: 113/146 MP: 9/16
 23002 | D:14     | Found a gate to the Vaults.
 23128 | D:15     | Entered Level 15 of the Dungeon
 23128 | D:15     | Noticed Roxanne
 23137 | D:15     | Killed Roxanne
 23993 | D:15     | Reached skill level 19 in Axes
 24494 | D:15     | Found a staircase to the Depths.
 24854 | Spider:1 | Entered Level 1 of the Spider Nest
 25062 | Spider:2 | Noticed Arachne
 25080 | Spider:2 | Killed Arachne
 25746 | Spider:4 | Entered Level 4 of the Spider Nest
 26400 | Spider:4 | Reached skill level 15 in Fighting
 26877 | Spider:4 | Reached skill level 20 in Axes
 27383 | Spider:4 | Reached XP level 17. HP: 119/156 MP: 1/17
 27633 | Spider:4 | Got a gossamer rune of Zot
 27902 | Spider:3 | Noticed Asterion
 27939 | Spider:3 | Killed Asterion
 28678 | Shoals:1 | Entered Level 1 of the Shoals
 28954 | Shoals:2 | Reached skill level 21 in Axes
 29357 | Shoals:2 | Found a frozen archway.
 29369 | IceCv    | Entered an ice cave
 29569 | IceCv    | Identified the +2 leather armour of Depression {rElec}
 29586 | IceCv    | Found an ancient bone altar of Kikubaaqudgha.
 29862 | IceCv    | Noticed a lich
 29870 | IceCv    | Killed a lich
 30213 | Shoals:3 | Identified the ring of Booqeam {rCorr SInv Stlth+}
 30248 | Shoals:3 | Found a hide-covered altar of Uskayaw.
 30461 | Shoals:4 | Entered Level 4 of the Shoals
 30802 | Shoals:4 | Reached XP level 18. HP: 130/164 MP: 18/18
 30931 | Shoals:4 | Found Hiyxturhy's Distillery.
 30939 | Shoals:4 | Bought a potion of curing for 45 gold pieces
 30939 | Shoals:4 | Bought a potion of mutation for 120 gold pieces
 30939 | Shoals:4 | Bought a potion of curing for 45 gold pieces
 30939 | Shoals:4 | Bought a potion of mutation for 120 gold pieces
 30939 | Shoals:4 | Bought a potion of resistance for 150 gold pieces
 30939 | Shoals:4 | Bought 2 potions of curing for 90 gold pieces
 30939 | Shoals:4 | Bought a potion of invisibility for 120 gold pieces
 31512 | Shoals:4 | Reached skill level 22 in Axes
 31530 | Shoals:4 | Identified the +1 plate armour of Geriutan {rF++}
 31633 | Shoals:4 | Got a barnacled rune of Zot
 32083 | Lair:3   | Gained mutation: You are dopey. (Int -2) [mutagenic glow]
 32098 | Lair:3   | Cast into level 4 of the Abyss (unwielding a weapon of
                  | distortion)
 32109 | Abyss:4  | Gained mutation: You are clumsy. (Dex -2) [mutagenic glow]
 32119 | Abyss:4  | Gained mutation: You sometimes lose the ability to read
                  | scrolls when taking damage. [mutagenic glow]
 32160 | Abyss:4  | Gained mutation: You occasionally shout uncontrollably at
                  | your foes. [mutagenic glow]
 32175 | Abyss:4  | Lost mutation: You sometimes lose the ability to read
                  | scrolls when taking damage. [mutagenic glow]
 32189 | Abyss:4  | Gained mutation: Your body often deteriorates upon taking
                  | damage. [mutagenic glow]
 32200 | Abyss:4  | Gained mutation: You sometimes lose the ability to read
                  | scrolls when taking damage. [mutagenic glow]
 32211 | Abyss:4  | Lost mutation: You have an increased reservoir of magic.
                  | (+10% MP) [mutagenic glow]
 32307 | Abyss:4  | Noticed a profane servitor
 32318 | Abyss:4  | Killed a profane servitor
 32449 | Abyss:4  | Found a glowing golden altar of the Shining One.
 32457 | Abyss:4  | Noticed a lich
 32476 | Abyss:4  | Killed a lich
 32480 | Abyss:4  | Noticed a juggernaut
 32523 | Abyss:4  | Killed a juggernaut
 32533 | Abyss:4  | Got an abyssal rune of Zot
 32548 | Lair:3   | Escaped the Abyss
 32920 | Depths:1 | Entered Level 1 of the Depths
 32921 | Depths:1 | Lost mutation: Your body sometimes deteriorates upon taking
                  | damage. [potion of mutation]
 32921 | Depths:1 | Gained mutation: Your magical capacity is low. (-10% MP)
                  | [potion of mutation]
 32921 | Depths:1 | Gained mutation: You are robust. (+10% HP) [potion of
                  | mutation]
 32921 | Depths:1 | Lost mutation: You sometimes lose the ability to read
                  | scrolls when taking damage. [potion of mutation]
 32993 | Depths:1 | Found a shimmering blue altar of Sif Muna.
 33107 | Depths:1 | Annihilated by a stone giant

Illustrated notes

Levels and vault maps discovered:
D:1:      dpeg_chamrin_arrival_tetris, layout_basic, serial_shops, shop,
          hangedman_decor_push
D:2:      layout_basic, chequers_big_river, uniq_terence
D:3:      layout_basic, nicolae_qazlal_style_of_elements,
          shapermc_ecumenical_altar_mp_highgroup
D:4:      layout_basic, minmay_temple_entry_statues_pillars,
          gammafunk_ghost_gnarly_gnolls, minmay_misc_feat_columns
D:5:      layout_loops_corners, grunt_temple_overflow_open,
          chequers_ossuary_entry_cave, minmay_chambers_of_fives, uniq_grinder
D:6:      layout_loops_corners, nzn_wu_jian_council_hall,
          kennysheep_decorative_pillar
D:7:      layout_loops_ring, serial_shops, nicolae_diamond_shop, st_stairs_13,
          uniq_pikel
D:8:      layout_cave_pools, ashenzari_altar_1, okawaru_trees_1,
          serial_column_ruins, column_ruins_corridor_corner,
          column_ruins_columns_corner, column_ruins_columns_straight,
          column_ruins_open_small
D:9:      layout_small_grid, enter_bailey_4, hangedman_abyss_or_decor_stagger
D:10:     layout_cave_pods, nicolae_overflow_crystal_walls, orc_0_dummy,
          minmay_puff
D:11:     layout_long_grid, erik_lair_dragon, gauntlet_entry_generic
D:12:     layout_loops_cross, serial_shops, nicolae_shop_behind_doors,
          serial_bayou_pond_a, feat_on_display
D:13:     minmay_the_grid_octo_tiled_squarecenter [minmay_the_grid_octo_toaster,
          minmay_the_grid_octo_77, minmay_the_grid_octo_focus,
          minmay_the_grid_octo_pinwheel,
          minmay_the_grid_square_5x5_megaprize_hollow,
          minmay_the_grid_square_5x5_checkered_statues,
          minmay_the_grid_square_5x5_half_checkered,
          minmay_the_grid_square_5x5_spiral_small,
          minmay_the_grid_square_5x5_intrusive_squares], layout_rooms
D:14:     layout_rooms, hangedman_vaults_entry_quadrant_bands, enter_trove_0,
          good_gods_mini_temple, nicolae_shop_self_help
D:15:     grunt_enter_depths_hoard, layout_basic, hangedman_decor_points,
          serial_bayou_ford_a, uniq_roxanne
Temple:   eino_wide_crystal_templ
Lair:1:   layout_concentric_octagons, st_stairs_3, serial_bayou_pond_d,
          serial_bayou_shore_b, uniq_sonja, uniq_urug
Lair:2:   layout_cave_pods
Lair:3:   layout_chaotic_city, minmay_shoals_entry_hut, minivault_26,
          wad_woods_river_01, minmay_lair_oklob_chamber
Lair:4:   layout_roguey, dummy_spider_entry, lightli_volcano_entry_magma_tube,
          patterned_corridor, serial_bayou_shore_a, grunt_megastairs_3
Shoals:1: layout_shoals, dpeg_stationary_puzzle
Shoals:2: layout_shoals, portal_ice_cave_entry_pillars_2
Shoals:3: layout_shoals, regret_index_shoals_crete
Shoals:4: shoals_end_simple, layout_shoals, serial_shops,
          nicolae_shop_temple_entry_statues_fountains
Spider:1: layout_spider_delve
Spider:2: layout_spider_delve, uniq_arachne, uniq_kirke
Spider:3: nicolae_spider_corner, uniq_asterion
Spider:4: spider_rune_water, hangedman_spider_tarantella_strand
Orc:1:    layout_caves, nicolae_orc_damp_corner, mines2_lemuel, uniq_harold,
          uniq_jorgrun
Orc:2:    st_orc_elflike, layout_diamond_mine, basic_altar
Depths:1: minmay_blocking_statues, layout_cave_shapes, enter_ziggurat_a,
          pf_hell_entry_great_geh, minmay_misc_feat_doors, roderic_lattice_a,
          hangedman_decor_clover_reticule, wad_floor_pattern_untrapped,
          serial_sigils_hangedman_scar, led_sif_pool, minmay_shop_grove

Skill      XL: |  1  2  3  4  5  6  7  8  9 10 11 12 13 14 15 16 17 18 |
---------------+-------------------------------------------------------+-----
Axes           | 3 4 5 6 7 8 10 11 13 14 16 17 18 20 21 22 | 22.9
Armour         | 4 5 6 6 8 0 |  0.0
Shields        | 4 5 6 8 10 11 13 14 15 | 15.0
Fighting       | 4 5 6 7 9 10 11 12 13 14 15 16 17 | 17.4
Dodging        | 3 5 7 8 9 11 12 13 14 | 14.8

Action                   |  1- 3 |  4- 6 |  7- 9 | 10-12 | 13-15 | 16-18 || total
-------------------------+-------+-------+-------+-------+-------+-------++-------
Melee: War axe           |    73 |   119 |   205 |   200 |       |       ||   597
       Headbutt          |    13 |    16 |    52 |    98 |   128 |   305 ||   612
       Broad axe         |       |       |       |   182 |   453 |  1081 ||  1716
Throw: Throwing net      |       |       |       |     1 |       |       ||     1
Invok: Sacrifice Skill   |       |       |     1 |       |       |       ||     1
       Sacrifice Durabil |       |       |       |     1 |       |       ||     1
       Sacrifice Arcana  |       |       |       |     1 |       |       ||     1
       Sacrifice Artific |       |       |       |     1 |       |       ||     1
       Apocalypse        |       |       |       |       |     5 |     4 ||     9
       Draw Out Power    |       |       |       |       |     5 |    20 ||    25
       Reject Sacrifices |       |       |       |       |     1 |       ||     1
       Sacrifice Stealth |       |       |       |       |     1 |       ||     1
Evoke: Wand              |       |       |       |     7 |       |       ||     7
  Use: Potion            |       |     2 |     1 |     3 |     4 |     9 ||    19
       Scroll            |       |     9 |    12 |     3 |     7 |     5 ||    36
 Stab: Paralysed         |       |       |       |     7 |    10 |    20 ||    37
       Invisible         |       |       |       |     2 |     3 |     6 ||    11
       Petrified         |       |       |       |     4 |       |       ||     4
       Held in net/web   |       |       |       |     3 |       |       ||     3
       Distracted        |       |       |       |       |     2 |     5 ||     7
Armor: Scale mail        |    44 |    60 |    42 |       |       |       ||   146
       Chain mail        |       |       |    27 |    72 |    74 |   153 ||   326
       Plate armour      |       |       |       |       |       |    43 ||    43
Dodge: Dodged            |    22 |    44 |    50 |    81 |    80 |   252 ||   529
Block: Kite shield       |    36 |    71 |   126 |   316 |   294 |  1051 ||  1894
       Reflection        |       |       |       |       |    14 |    55 ||    69
